001, lawful female human Valkyrie ----- ----------- |...| |..(.....^| ##-...| # |[....{...+### ------------ @ |....##### -.------.-- # ----------- ...........-###qf |...| # # ###|.....(...| |.........%| |....# # ### #..........| |.......$.. |...|# # # |.........| |......... -----# # ### |.........| ......>... # # # |.........| ---------- # ###############..........| # # ----------- # # #%#### # # -.----|- ### |......| # |...<..| ##.._....| -------- 001 the Skirmisher Experience level: 4 Strength: 17 Dexterity: 14 Constitution: 18 Intelligence: 11 Wisdom: 7 Charisma: 9 Health: 0(47) Energy: 9(9) Def: 9 Gold: 666 Moves: 2320 Dungeon seed: ApTeU29_syG9R8r8 Game ID: 001_1587134834 Your Inventory: Coins $ - 666 gold pieces Weapons a - a blessed +1 long sword (weapon in hand) b - a +0 dagger h - a +1 orcish dagger (in quiver) j - a +0 orcish dagger Armor e - an uncursed +3 small shield (being worn) n - an uncursed +0 orcish helm (being worn) q - an uncursed +0 scale mail (being worn) r - an uncursed +0 Hawaiian shirt z - an uncursed +0 orcish helm Comestibles c - an uncursed food ration d - an uncursed fortune cookie f - an uncursed tripe ration p - an uncursed slime mold Scrolls o - an uncursed scroll of enchant weapon Potions i - an uncursed potion of monster detection Rings u - an uncursed ring of levitation Wands l - a wand of sleep (0:8) m - a wand of polymorph (0:5) Gems y - 2 uncursed rocks Spells and supernatural/magical abilities: Name Level Category Fail Memory W - pray for help -- divine ? -- Your skills at the end: Fighting Skills Weapon Skills dagger [Basic] long sword [Basic] Spellcasting Skills Final Attributes: You were piously aligned. You were cold resistant. You were stealthy. You are dead. Vanquished creatures: a gnome lord an elf zombie a rothe a giant bat a coyote a giant rat a brown mold a yellow mold 2 geckos 4 jackals a fox a kobold 4 goblins 3 sewer rats 3 grid bugs 3 lichens 5 newts 34 creatures vanquished. Voluntary challenges: You used a wielded weapon 24 times, starting on turn 3. You were illiterate. You never genocided any monsters. You never polymorphed an object. You never changed form. You used no wishes. You never split a pudding. You never wrote Elbereth's name. You never violated your personal moral code. Dungeon overview: The Dungeons of Doom: levels 1 to 7 Level 1 a long staircase Level 2 Level 3 some fountains a long staircase Level 4 a fountain Level 5 Level 6 a fountain Level 7 <- You were here an altar to Tyr, a fountain History has recorded: On T:1 you entered the Dungeons of Doom to retrieve the Amulet of Yendor! On T:196 you reached level 2 of The Dungeons of Doom. On T:348 you advanced to experience level 2. On T:642 you reached level 3 of The Dungeons of Doom. On T:1048 you reached level 4 of The Dungeons of Doom. On T:1068 you advanced to experience level 3. On T:1442 you reached level 5 of The Dungeons of Doom. On T:1532 you reached level 6 of The Dungeons of Doom. On T:1666 you reached level 7 of The Dungeons of Doom. On T:2303 you advanced to experience level 4. Score breakdown: Gold: 666 ( 9606 points) Experience: 4 levels ( 9649 points) Exploration: 7 levels ( 14.89%) (10834 points) Discoveries: 0 items ( 0.00%) ( 0 points) Valuables value: (no points given unless you survive) Artifact value: 0 ( 0 points) Variety of kills: 17 monsters ( 4.46%) ( 6336 points) Turncount: 2320 turns ( -220 points) Survival: died (score multiplied by 80%) Total score: 28964 Latest messages: The rothe hits! The rothe misses. (2x) You miss the rothe. The rothe misses. The rothe bites! The rothe misses. The rothe hits! The rothe bites! The rothe misses. You displace your kitten. The kitten misses the rothe. The kitten bites the rothe. The rothe misses the kitten. (2x) The rothe bites the kitten. The rothe hits the kitten. The rothe bites the kitten. (2x) You displace your kitten. The rothe hits! The rothe bites! (2x) The rothe hits! The rothe bites! (2x) You die... Final status: Farvel 001 the Valkyrie, killed by a rothe... You died in The Dungeons of Doom on dungeon level 7 with 28964 points, and 666 pieces of gold, after 2320 moves. You were level 4 with a maximum of 47 hit points when you died.